 Dungeon Crawl Stone Soup version 0.28-a0-1038-g9c4cb8273d (webtiles) character file.

Game seed: 6986226093811232885

0 croobank the Ducker (level 1, -13/11 HPs)
             Began as a Spriggan Abyssal Knight on Dec 9, 2021.
             Was a Follower of Lugonu.
             Killed from afar by a wretched star (20 damage)
             ... with a lance of force
             ... on level 1 of the Abyss.
             The game lasted 00:00:34 (93 turns).

croobank the Ducker (Spriggan Abyssal Knight)         Turns: 93, Time: 00:00:34

Health: -13/11     AC:  2    Str:  9    XL:     1   Next: 0%
Magic:  3/3        EV: 17    Int: 11    God:    Lugonu [*.....]
Gold:   8          SH:  0    Dex: 15    Spells: 0/0 levels left

rFire   . . .      SeeInvis +   a - +1 short sword
rCold   . . .      Faith    .   (shield restricted)
rNeg    . . .      Spirit   .   b - +0 robe
rPois   .          Reflect  .   (helmet restricted)
rElec   .          Harm     .   (no cloak)
rCorr   .          Rampage  .   (gloves unavailable)
Will    .....                   (boots unavailable)
Stlth   +.........              (no amulet)
HPRegen 0.03/turn               (no ring)
MPRegen 0.08/turn               (no ring)

@: very quick
A: very small, no large weapons, unfitting armour, see invisible, speed 3
a: Renounce Religion, Depart the Abyss


You were on level 1 of the Abyss.
You worshipped Lugonu.
Lugonu was aware of your devotion.
You visited 0 branches of the dungeon, and saw 0 of its levels.
You visited the Abyss 1 time.

You collected 8 gold pieces.

Inventory:

Hand Weapons
 a - a +1 short sword (weapon)
Armour
 b - a +0 robe (worn)
Potions
 c - a potion of lignification {unknown}


   Skills:
 + Level 2.4 Fighting
 + Level 2.1 Short Blades
 + Level 3.2 Dodging
 + Level 1.7 Invocations


You couldn't memorise any spells.
You didn't know any spells.
Your spell library was empty.

Dungeon Overview and Level Annotations

Branches:
Dungeon (0/15)

Altars:


Innate Abilities, Weirdness & Mutations

You are very small and have problems with some larger weapons.
You are too small for most types of armour.
You have supernaturally acute eyesight. (SInv)
You cover ground extremely quickly. (Speed+++)


Message History

Welcome, croobank the Spriggan Abyssal Knight.
Everyone else who sought the Orb of Zot has failed.
Will you be different?
Lugonu says: Depart the Abyss and spread corruption, my servant! (use the ability menu to exit the Abyss) Press ? for a list of commands and other information.
Found a corrupted altar of Lugonu.
c - a lumpy orange potion
Found a leather armour.
Found 8 gold pieces.
You now have 8 gold pieces.
A tentacled starspawn comes into view.
Tentacles burst from the starspawn's body! 2 starspawn tentacles come into view.
A wretched star comes into view.
The starspawn tentacle grabs you. The starspawn tentacle constricts you.
The starspawn tentacle's grasp on you weakens, but your attempt to escape fails.
The starspawn tentacle loses its grip on you.
The tentacle pulls you backwards! The starspawn tentacle grabs you.
The starspawn tentacle constricts you.
You escape the starspawn tentacle's grasp.
Found a gateway leading deeper into the Abyss.
The starspawn tentacle completely misses you.
A small abomination comes into view.
A fire elemental comes into view.
You hit the wretched star but do no damage.
The wretched star glows turbulently.
The lance of force hits you!!
Ouch! That really hurt!
You die...

.##..#≈ °## ≈≈...
.♣.° ≈. ...≈≈≈.≈≈
... .##≈≈≈≈..##○.#
.♣≈≈≈.≈#.≈≈#○.##
≈≈ >.......≈≈E....
.≈................
#.. #..##@*#
##..##.─##..##..#
................x.
..................
#..##..##..##..##
##..##──##..##..#
....w─....... ....
......X........ ..
##..##..##..# ..


You could see a wretched star and a fire elemental.

Vanquished Creatures (others)
  A starspawn tentacle (Abyss:1)
1 creature vanquished.

Notes
Turn   | Place    | Note
-------+----------+-------------------------------------------
     0 | Abyss:1  | croobank the Spriggan Abyssal Knight began the quest for
                  | the Orb.
     0 | Abyss:1  | Reached XP level 1. HP: 11/11 MP: 3/3
    83 | Abyss:1  | Noticed a tentacled starspawn
    86 | Abyss:1  | Noticed a wretched star
    91 | Abyss:1  | Noticed a small abomination
    91 | Abyss:1  | Noticed a fire elemental
    93 | Abyss:1  | Killed from afar by a wretched star

Illustrated notes

Levels and vault maps discovered:
Abyss:1:  base: Temple, base:
Temple

Action                   || total
-------------------------++-------
Melee: Short sword       ||     1
Dodge: Dodged            ||     1

Table legend: (Time is in decaauts)
 A = Elapsed time spent in this place.
 B = Non-inter-level travel time spent in this place.
 C = Inter-level travel time spent in this place.
 D = Time resting spent in this place.
 E = Time spent auto-exploring this place.
 F = Levels seen in this place.
 G = Mean time per level.
                   A        B        C        D        E       F      G
               +--------+--------+--------+--------+--------+-----+--------+
         Total |     57 |     57 |      0 |      0 |     37 |   1 |   57.0 |
         Abyss |     57 |     57 |      0 |      0 |     37 |   1 |   57.0 |
               +--------+--------+--------+--------+--------+-----+--------+

Top non-repeatable levels by time:
 Abyss:1: 57 daAuts
